 Dungeon Crawl Stone Soup version 0.23-a0-650-ga4d50d4 (webtiles) character file.

35225 galech the Cleaver (level 13, -2/102 (103) HPs)
             Began as a Demonspawn Fighter on Jan 4, 2019.
             Was the Champion of Okawaru.
             Slain by a vault guard
             ... wielding a +0 bardiche
              (9 damage)
             ... on level 13 of the Dungeon.
             The game lasted 00:20:12 (14116 turns).

galech the Cleaver (Demonspawn Fighter)            Turns: 14116, Time: 00:20:13

HP:   -2/102 (103)  AC: 14    Str: 24    XL:     13   Next: 46%
MP:   12/14         EV: 17    Int: 14    God:    Okawaru [******]
Gold: 812           SH: 14    Dex: 19    Spells: 12/12 levels left

rFire    . . .     SeeInvis .   v - +1 broad axe of Foul Odors {speed, Str+5}
rCold    + . .     Gourm    .   c - +0 shield
rNeg     . . .     Faith    .   A - +3 scale mail {rC+}
rPois    +         Spirit   .   (helmet unavailable)
rElec    +         Reflect  .   N - scarf {repulsion}
rCorr    .         Harm     .   G - +0 pair of gloves {Str+3}
MR       .....                  (no boots)
Stlth    ++++......             q - amulet of Neurosis {*Drain rElec rPois Regen+ Stlth+}
HPRegen  0.67/turn              r - ring of wizardry
MPRegen  0.14/turn              D - +3 ring of intelligence

@: heroism, repel missiles
A: horns 3, thin skeletal structure 1, spiny 1
a: Heroism, Finesse, Renounce Religion


You were on level 13 of the Dungeon.
You worshipped Okawaru.
Okawaru was exalted by your worship.
You were near starving.

You visited 3 branches of the dungeon, and saw 16 of its levels.

You collected 1309 gold pieces.
You spent 497 gold pieces at shops.

Inventory:

Hand Weapons
 v - the +1 broad axe of Foul Odors (weapon) {speed, Str+5}
   (Okawaru gifted it to you on level 2 of the Orcish Mines)

   Attacks with this weapon are significantly faster.
   It affects your strength (+5).
 B - a +6 war axe of freezing
Armour
 c - a +0 shield (worn)
 h - a +2 pair of gloves
 A - a +3 scale mail of cold resistance (worn)
 G - a +0 pair of gloves of strength (worn)
 H - a +0 cloak
 N - a scarf of repulsion (worn)
Jewellery
 q - the amulet of Neurosis (around neck) {*Drain rElec rPois Regen+ Stlth+}
   (You found it on level 11 of the Dungeon)

   [amulet of regeneration]

   It insulates you from electricity.
   It protects you from poison.
   It increases your rate of regeneration.
   It causes draining when unequipped.
   It makes you more stealthy.
 r - a ring of wizardry (left hand)
 C - an uncursed ring of wizardry
 D - a +3 ring of intelligence (right hand)
Wands
 d - a wand of random effects (28)
 g - a wand of disintegration (12)
 w - a wand of flame (11)
 y - a wand of iceblast (6)
 J - a wand of scattershot (3)
 L - a wand of digging (7)
Scrolls
 a - 5 scrolls of teleportation
 i - a scroll of random uselessness
 o - 2 scrolls of immolation
 p - a scroll of noise
 s - a scroll of holy word
 t - a scroll of torment
 u - 2 scrolls of magic mapping
 x - 5 scrolls of remove curse
 z - a scroll of silence
 E - 2 scrolls of blinking
 F - 7 scrolls of identify
 K - a scroll of amnesia
Potions
 b - 7 potions of curing
 e - 3 potions of flight
 j - 4 potions of heal wounds
 k - 2 potions of haste
 l - 3 potions of mutation
 m - a potion of lignification
 n - a potion of magic
 M - 2 potions of brilliance {unknown}
Comestibles
 f - 21 rations


   Skills:
 + Level 10.3(15.3) Fighting
 + Level 14.0(19.0) Axes
 + Level 9.1(14.1) Armour
 + Level 4.6(9.6) Dodging
 + Level 3.5(8.5) Stealth
 + Level 8.7(13.7) Shields
 + Level 1.4 Invocations


You had 12 spell levels left.
You didn't know any spells.
Your spell library contained the following spells:

 Spells                   Type           Power        Failure   Level  Hunger
 Animate Skeleton         Necr           N/A          26%         1    ##.....
 Pain                     Necr           #...         26%         1    ##.....
 Regeneration             Chrm/Necr      #.........   56%         3    ####...
 Vampiric Draining        Necr           #.........   56%         3    ####...
 Animate Dead             Necr           N/A          91%         4    #####..


Dungeon Overview and Level Annotations

Branches:
Dungeon (13/15)            Temple (1/1) D:6            Lair (0/6) D:9
    Orc (2/2) D:11            Elf (0/3) Orc:2
 Vaults: D:13-14

Altars:
Ashenzari
Dithmenos
Elyvilon
Gozag
Makhleb
Okawaru
Trog
Wu Jian
Xom
The Shining One
Beogh

Shops:
D:8 :   Orc:2 =??[


Innate Abilities, Weirdness & Mutations

You have a pair of large horns on your head.
You have a somewhat thin skeletal structure. (Dex +2, Stealth)
You are partially covered in sharp spines.


Message History

The vault guard hits you with a +0 long sword.
The orc priest shouts!
You hit the vault guard but do no damage.
The vault guard is heavily wounded.
The vault guard hits you from afar with a +0 bardiche!!
You closely miss the vault guard. You headbutt the vault guard!
The vault guard is severely wounded.
The cyclops throws a large rock.
You block the large rock.
You slice the vault guard!!
You kill the vault guard!
Okawaru is honoured by your kill. Something appears at your feet!
Okawaru grants you a weapon!
A skeletal warrior comes into view.
It is wielding a +2 hand axe of freezing.
The vault guard hits you with a +0 bardiche!
The cyclops throws a large rock.
The large rock hits you!!!
* * * LOW HITPOINT WARNING * * *
Items here: ! ( )))) [ ††† The vault guard hits you from afar with a +0 bardiche!
You die...

... ..##........#
#..##.##........#
##..##.##.......##
...##.####Y#######
#..##.............
#..##p####.#######
####..#pC...z.......#
..##....)(..o......#####
.......[@)..####.###
.#####.##..# #.# #.##..#
#.# #.##..# #.# #.##..#
#.# #.##..# ..##..#
####..# #..#


You could see 2 vault guards, a skeletal warrior, a cyclops and an orc priest.

Vanquished Creatures
  A stone giant (Orc:1)
  An ettin (Orc:1)
  A vault guard (D:13)
  16 two-headed ogres
  4 ogre magi (Orc:2)
  2 skeletal warriors (D:12)
  A slime creature (D:11)
  2 unseen horrors (D:11)
  4 ugly things
  A wolf spider zombie (D:13)
  Maurice (Orc:1)
  A centaur skeleton (D:13)
  A komodo dragon (D:12)
  6 trolls
  A merfolk (D:11)
  A hornet (D:10)
  3 hippogriffs
  A hippogriff (shapeshifter) (D:13)
  A shadow (D:11)
  14 yaks
  2 wraiths
  A steam dragon (D:8)
  A warg (Orc:1)
  13 orc warriors
  3 ice beasts
  2 necrophages
  5 phantoms
  A black bear (D:8)
  2 sky beasts
  An eye of draining (D:9)
  40 ogres
  3 wolves (D:9)
  2 centaurs (D:7)
  10 bullfrogs
  A water moccasin skeleton (D:4)
  4 scorpions
  8 wights
  9 howler monkeys
  3 electric eels (D:9)
  5 crimson imps
  A quasit (D:11)
  7 hounds
  7 orc priests
  A bullfrog skeleton (D:13)
  2 bullfrog zombies
  2 jellies (D:6)
  19 orc wizards
  Terence (D:3)
  4 iguanas
  8 worker ants
  A hound skeleton (D:5)
  3 hound zombies
  A worker ant zombie (D:6)
  A howler monkey zombie (D:11)
  9 adders
  A shadow imp (D:12)
  2 oozes
  4 adder skeletons
  2 worms
  7 leopard geckos
  81 orcs
  5 giant cockroaches
  2 goblins
  2 hobgoblins
  2 quokkas
  A ball python (D:2)
  A bat (D:2)
  7 kobolds
  2 leopard gecko skeletons
  A quokka zombie (D:5)
  4 rats
370 creatures vanquished.

Notes
Turn   | Place    | Note
-------+----------+-------------------------------------------
     0 | D:1      | galech the Demonspawn Fighter began the quest for the Orb.
     0 | D:1      | Reached XP level 1. HP: 18/18 MP: 1/1
   787 | D:2      | Gained mutation: You are partially covered in sharp spines.
                  | [demonic ancestry]
   787 | D:2      | Reached XP level 2. HP: 24/24 MP: 2/2
  1284 | D:3      | Reached skill level 2 in Axes
  1378 | D:3      | Noticed Terence
  1382 | D:3      | Killed Terence
  1382 | D:3      | Reached XP level 3. HP: 22/29 MP: 3/3
  1537 | D:3      | Reached XP level 4. HP: 25/35 MP: 4/4
  1959 | D:4      | Reached skill level 3 in Axes
  1959 | D:4      | Reached XP level 5. HP: 30/41 MP: 5/5
  2154 | D:4      | Noticed an ogre
  2166 | D:4      | Killed an ogre
  2409 | D:4      | Gained mutation: You have a pair of small horns on your
                  | head. [demonic ancestry]
  2409 | D:4      | Reached XP level 6. HP: 21/47 MP: 6/6
  2593 | D:4      | Reached skill level 4 in Axes
  2844 | D:4      | Reached skill level 1 in Dodging
  2989 | D:4      | Reached XP level 7. HP: 31/53 MP: 7/7
  3601 | D:5      | Entered Level 5 of the Dungeon
  3980 | D:5      | Reached skill level 5 in Axes
  4408 | D:6      | Reached XP level 8. HP: 49/60 MP: 8/8
  4410 | D:6      | Reached skill level 5 in Armour
  4418 | D:6      | Reached skill level 6 in Axes
  4747 | D:6      | Reached skill level 1 in Stealth
  4747 | D:6      | Reached skill level 5 in Shields
  5080 | D:6      | Reached skill level 5 in Fighting
  5080 | D:6      | Reached skill level 7 in Axes
  5210 | D:6      | Found a staircase to the Ecumenical Temple.
  5229 | Temple   | Entered the Ecumenical Temple
  5246 | Temple   | Became a worshipper of Warmaster Okawaru
  5520 | D:6      | Found a shadowy altar of Dithmenos.
  5520 | D:6      | Found a shimmering altar of Xom.
  5525 | D:6      | Found a faded altar of an unknown god.
  5527 | D:6      | Found a white marble altar of Elyvilon.
  5528 | D:6      | Found a faded altar of an unknown god.
  5660 | D:7      | Reached XP level 9. HP: 28/68 MP: 9/9
  6236 | D:7      | Reached * piety under Okawaru
  6242 | D:7      | Found a shattered altar of Ashenzari.
  6251 | D:7      | Reached skill level 8 in Axes
  6289 | D:7      | Found a glowing golden altar of the Shining One.
  6514 | D:7      | Found a shimmering altar of Xom.
  6893 | D:8      | Found an ornate altar of the Wu Jian Council.
  6893 | D:8      | Noticed a two-headed ogre
  6906 | D:8      | Killed a two-headed ogre
  6906 | D:8      | Reached skill level 9 in Axes
  7197 | D:8      | Reached ** piety under Okawaru
  7197 | D:8      | Gained mutation: You have a pair of horns on your head.
                  | [demonic ancestry]
  7197 | D:8      | Reached XP level 10. HP: 76/76 MP: 10/10
  7338 | D:8      | Found Teulilal's Book Shop.
  8693 | D:10     | Entered Level 10 of the Dungeon
  8745 | D:10     | Reached *** piety under Okawaru
  8848 | D:10     | Found a burning altar of Makhleb.
  8848 | D:10     | Noticed a green death
  8899 | D:10     | Reached skill level 10 in Axes
  9419 | D:11     | Got a brightly glowing steel amulet
  9420 | D:11     | Identified the amulet of Neurosis {*Drain rElec rPois
                  | Regen+ Stlth+} (You found it on level 11 of the Dungeon)
  9576 | D:9      | Reached **** piety under Okawaru
  9634 | D:9      | Found a staircase to the Lair.
  9914 | D:11     | Killed an unseen horror
  9914 | D:11     | Gained mutation: You have a somewhat thin skeletal
                  | structure. (Dex +2, Stealth) [demonic ancestry]
  9914 | D:11     | Reached XP level 11. HP: 65/83 MP: 11/11
 10166 | D:11     | Killed an unseen horror
 10166 | D:11     | Reached ***** piety under Okawaru
 10166 | D:11     | Reached skill level 11 in Axes
 10268 | D:11     | Noticed a red ugly thing
 10276 | D:11     | Killed a red ugly thing
 10276 | D:11     | Received a gift from Okawaru
 10425 | D:11     | Found a staircase to the Orcish Mines.
 10851 | Orc:1    | Entered Level 1 of the Orcish Mines
 10851 | Orc:1    | Noticed an ettin
 10861 | Orc:1    | Killed an ettin
 11057 | Orc:2    | Entered Level 2 of the Orcish Mines
 11074 | Orc:2    | Received a gift from Okawaru
 11167 | Orc:1    | Noticed a stone giant
 11325 | Orc:1    | Killed a stone giant
 11329 | Orc:1    | Found a bloodstained altar of Trog.
 11573 | Orc:1    | Noticed Maurice
 11600 | Orc:1    | Killed Maurice
 11912 | Orc:2    | Noticed a two-headed ogre
 11912 | Orc:2    | Noticed a two-headed ogre
 11922 | Orc:2    | Killed a two-headed ogre
 11922 | Orc:2    | Received a gift from Okawaru
 11922 | Orc:2    | Reached skill level 12 in Axes
 11926 | Orc:2    | Reached ****** piety under Okawaru
 11966 | Orc:2    | Reached XP level 12. HP: 75/92 MP: 12/12
 11986 | Orc:2    | Noticed a two-headed ogre
 11997 | Orc:2    | Killed a two-headed ogre
 12007 | Orc:2    | Noticed an ogre mage
 12022 | Orc:2    | Killed an ogre mage
 12038 | Orc:2    | Killed a two-headed ogre
 12038 | Orc:2    | Reached skill level 1 in Invocations
 12038 | Orc:2    | Noticed a two-headed ogre
 12061 | Orc:2    | Noticed a two-headed ogre
 12064 | Orc:2    | Killed a two-headed ogre
 12091 | Orc:2    | Noticed an ogre mage
 12092 | Orc:2    | Noticed a two-headed ogre
 12098 | Orc:2    | Killed a two-headed ogre
 12112 | Orc:2    | Killed an ogre mage
 12117 | Orc:2    | Noticed a two-headed ogre
 12122 | Orc:2    | Noticed a two-headed ogre
 12131 | Orc:2    | Killed a two-headed ogre
 12230 | Orc:2    | Found a roughly hewn altar of Beogh.
 12284 | Orc:2    | Found a staircase to the Elven Halls.
 12312 | Orc:2    | Noticed an ogre mage
 12321 | Orc:2    | Killed an ogre mage
 12324 | Orc:2    | Reached skill level 13 in Axes
 12408 | Orc:2    | Found Emniklos's Jewellery Shop.
 12408 | Orc:2    | Found Vaeb Cea's Magic Scroll Shoppe.
 12409 | Orc:2    | Found Xeenis's Magic Scroll Shoppe.
 12409 | Orc:2    | Found Laeghij's Antique Armour Boutique.
 12417 | Orc:2    | Bought 2 scrolls of identify for 48 gold pieces
 12417 | Orc:2    | Bought a scroll of identify for 24 gold pieces
 12417 | Orc:2    | Bought a scroll of teleportation for 36 gold pieces
 12417 | Orc:2    | Bought a scroll of identify for 24 gold pieces
 12419 | Orc:2    | Bought a scroll of blinking for 127 gold pieces
 12419 | Orc:2    | Bought a scroll of identify for 34 gold pieces
 12419 | Orc:2    | Bought a scroll of teleportation for 51 gold pieces
 12419 | Orc:2    | Bought a scroll of identify for 34 gold pieces
 12419 | Orc:2    | Bought a scroll of teleportation for 51 gold pieces
 12419 | Orc:2    | Bought a scroll of identify for 34 gold pieces
 12419 | Orc:2    | Bought a scroll of identify for 34 gold pieces
 12428 | Orc:2    | Noticed a two-headed ogre
 12440 | Orc:2    | Killed a two-headed ogre
 12448 | Orc:2    | Noticed a two-headed ogre
 12459 | Orc:2    | Killed a two-headed ogre
 12466 | Orc:2    | Noticed a two-headed ogre
 12471 | Orc:2    | Noticed an ogre mage
 12475 | Orc:2    | Killed a two-headed ogre
 12482 | Orc:2    | Killed an ogre mage
 12482 | Orc:2    | Received a gift from Okawaru
 12503 | Orc:2    | Got a crystal broad axe {god gift}
 12507 | Orc:2    | Identified the +1 broad axe of Foul Odors {speed, Str+5}
                  | (Okawaru gifted it to you on level 2 of the Orcish Mines)
 12516 | Orc:2    | Killed a two-headed ogre
 12554 | Orc:2    | Noticed a two-headed ogre
 12565 | Orc:2    | Killed a two-headed ogre
 12678 | Orc:2    | Gained mutation: You have a pair of large horns on your
                  | head. [demonic ancestry]
 12678 | Orc:2    | Reached XP level 13. HP: 101/101 MP: 13/13
 13881 | D:13     | Reached skill level 10 in Fighting
 14006 | D:12     | Reached skill level 14 in Axes
 14114 | D:13     | Received a gift from Okawaru
 14116 | D:13     | Slain by a vault guard

Vault maps used:
D:1:      dpeg_arrival_water_temple_mockup
D:3:      first_ration, uniq_terence
D:6:      chequers_temple_overflow_minitemple, minmay_temple_entry_wispy
D:7:      grunt_temple_overflow_open, basic_altar
D:8:      overflow_temple_1_default, serial_shops, shop
D:9:      erik_lair_island
D:10:     makhleb_altar_promises_db
D:11:     orc_0_dummy, hangedman_fish_farm
D:13:     lightli_vaults_fourway_checkpoint, grunt_dithmenos_smoke
Temple:   nicolae_temple_elliptical
Orc:1:    basic_altar, uniq_maurice
Orc:2:    st_orc_ogre_mass, mines1_david

Skill      XL: |  1  2  3  4  5  6  7  8  9 10 11 12 13 |
---------------+----------------------------------------+-----
Armour         | 3 4 5 6 7 8 9 |  9.1
Axes           | 2 3 4 5 7 9 10 12 13 14 | 14.0
Shields        | 3 4 5 6 7 8 |  8.7
Dodging        | 1 2 3 4 |  4.6
Fighting       | 4 5 6 7 8 9 10 | 10.3
Stealth        | 1 3 |  3.5
Invocations    | 1 |  1.4

Action                   |  1- 3 |  4- 6 |  7- 9 | 10-12 | 13-15 || total
-------------------------+-------+-------+-------+-------+-------++-------
Melee: War axe           |   116 |   131 |   143 |   407 |       ||   797
       Headbutt          |       |    11 |    50 |   122 |    43 ||   226
       Hand axe          |       |       |   117 |    67 |       ||   184
       Broad axe         |       |       |       |    16 |   141 ||   157
Invok: Heroism           |       |       |       |     7 |     3 ||    10
  Use: Scroll            |     3 |     1 |     7 |     7 |       ||    18
       Potion            |     1 |       |     7 |       |       ||     8
 Stab: Distracted        |       |       |       |     3 |       ||     3
       Sleeping          |       |       |       |     1 |     3 ||     4
  Eat: Chunk             |     2 |     5 |    13 |    15 |     3 ||    38
       Ration            |       |       |       |     1 |       ||     1
Armor: Scale mail        |    67 |    40 |    20 |   130 |    25 ||   282
       Chain mail        |       |       |    47 |       |       ||    47
       Plate armour      |       |       |    58 |       |       ||    58
Dodge: Dodged            |    27 |    31 |    56 |   121 |    32 ||   267
Block: Shield            |    63 |    70 |   131 |   182 |    68 ||   514

Table legend:
 A = Non-vault XP
 B = Vault XP
 C = Vault XP percentage of total XP
 D = Non-vault monster count
 E = Vault monster count
 F = Vault count percentage of total count
                 A         B        C        D         E       F
            +---------+---------+-------+---------+---------+-------
      Total |   29778 |   20544 |  40.8 |     318 |      52 |  14.1
            +---------+---------+-------+---------+---------+-------
        D:1 |       5 |       0 |   0.0 |       3 |       0 |   0.0
        D:2 |      13 |       0 |   0.0 |       8 |       0 |   0.0
        D:3 |     100 |      36 |  26.5 |      20 |       1 |   4.8
        D:4 |     689 |       0 |   0.0 |      32 |       0 |   0.0
        D:5 |     513 |       0 |   0.0 |      12 |       0 |   0.0
        D:6 |    1474 |       0 |   0.0 |      31 |       0 |   0.0
        D:7 |    1653 |       0 |   0.0 |      30 |       0 |   0.0
        D:8 |    1814 |       0 |   0.0 |      16 |       0 |   0.0
        D:9 |    1452 |     810 |  35.8 |      29 |       7 |  19.4
       D:10 |    2108 |       0 |   0.0 |      15 |       0 |   0.0
       D:11 |    4039 |     305 |   7.0 |      27 |       1 |   3.6
       D:12 |    5791 |     517 |   8.2 |      20 |       1 |   4.8
       D:13 |    3531 |    1470 |  29.4 |      18 |       2 |  10.0
      Orc:1 |    4295 |     418 |   8.9 |      26 |       1 |   3.7
      Orc:2 |    2301 |   16988 |  88.1 |      31 |      39 |  55.7
            +---------+---------+-------+---------+---------+-------
